 Dungeon Crawl Stone Soup version 0.31-a0-1616-gbeaec30b81 (webtiles) character file.

Game seed: 11681748726395734711

312 voltaire321 the Sneak (level 6, -1/35 HPs)
             Began as an Octopode Earth Elementalist on Jan 11, 2024.
             Was a Follower of Hepliaklqana.
             Shot with an arrow by a centaur (12 damage)
             ... on level 5 of the Dungeon.
             The game lasted 00:07:20 (4146 turns).

voltaire321 the Sneak (Octopode Earth Elementalist) Turns: 4146, Time: 00:07:20

Health: -1/35      AC:  1    Str:  8    XL:     6   Next: 42%
Magic:  9/10       EV:  2    Int: 19    God:    Hepliaklqana [*.....]
Gold:   206        SH:  0    Dex: 12    Spells: 3/10 levels left

rFire   . . .        n - +0 battleaxe (freeze)
rCold   . . .        (shield currently unavailable)
rNeg    . . .        (helmet restricted)
rPois   .            c - amulet of reflection
rElec   .            (no ring)
rCorr   .            (no ring)
SInv    .            (no ring)
Will    .....        (no ring)
Stlth   ++++         (no ring)
HPRegen 0.25/turn    (no ring)
MPRegen 0.12/turn    (no ring)
                     (no ring)

%: reflection
@: sleeping
A: reduced essence, almost no armour, amphibious, 8 rings, camouflage 1,
gelatinous body 1, (nimble swimmer 1), tentacles
a: Renounce Religion, Recall Ancestor, Ancestor Identity


You were on level 5 of the Dungeon.
You worshipped Hepliaklqana.
Hepliaklqana was aware of your devotion.
You visited 1 branch of the dungeon, and saw 5 of its levels.

You collected 206 gold pieces.

Inventory:

Hand Weapons
 n - a +0 battleaxe of freezing (weapon)
Jewellery
 c - an amulet of reflection (around mantle)
Scrolls
 b - 4 scrolls of identify {unknown}
 e - a scroll of teleportation {unknown}
 h - a scroll of vulnerability {unknown}
 j - a scroll of amnesia {unknown}
 l - a scroll of fear {unknown}
 p - a scroll of immolation {unknown}
 q - a scroll of revelation {unknown}
 r - a scroll of silence {unknown}
Potions
 a - a potion of magic
 d - 2 potions of might {unknown}
 f - 3 potions of mutation {unknown}
 g - 2 potions of haste {unknown}
 i - 2 potions of heal wounds {unknown}
 k - a potion of lignification {unknown}
 m - a potion of degeneration {unknown}
 o - 4 potions of attraction {unknown}


   Skills:
 + Level 2.2 Fighting
 + Level 3.1 Dodging
 + Level 4.3 Stealth
 + Level 2.9 Spellcasting
 + Level 2.3 Conjurations
 + Level 3.9 Earth Magic
 + Level 1.5 Invocations


You had 3 spell levels left.
You knew the following spells:

 Your Spells              Type           Power      Damage    Failure   Level
a - Sandblast             Erth           34%        2d9       3%          1
b - Passwall              Erth           17%        N/A       10%         3
c - Stone Arrow           Conj/Erth      28%        3d8       13%         3

Your spell library contained the following spells:

 Spells                   Type           Power      Damage    Failure   Level
 Brom's Barrelling Bould  Conj/Erth      14%        2d4       38%         4
 Petrify                  Alch/Erth      10%        N/A       56%         4


Dungeon Overview and Level Annotations

Branches:
Dungeon (5/15)             Temple (0/1) D:4

Altars:
Hepliaklqana
Kikubaaqudgha
Nemelex Xobeh
Zin

Shops:
D:4 [


Innate Abilities, Weirdness & Mutations

Your life essence is reduced to manifest your ancestor. (-10% HP)
You cannot wear most types of armour.
You are amphibious.
You can wear up to eight rings at the same time.
Your skin changes colour to match your surroundings (Stealth+).
Your rubbery body absorbs attacks. (AC +1, EV +1)
((You are camouflaged when in or above water. (Stealth+)))
You have tentacles for arms and can constrict up to eight enemies at once.


Message History

The kobold shouts!
You completely miss the kobold. Your grab misses the kobold.
You squeeze the kobold.
The kobold is severely wounded.
The kobold barely misses you.
The kobold hits you with a +0 short sword.
Eshargamelat hits the kobold.
The kobold dies!
Things that are here:
a +0 short sword; 2 poisoned darts; a kobold corpse
Found 4 stones.
Found a leather armour.
You swap places.
There is an open door here.
There is an open door here.
Done exploring.
Done exploring.
There is a stone staircase leading down here.
You climb downwards.
Found a scroll labelled MENUOTEA IXAN and a forked silver wand.
There is a stone staircase leading up here.
Aiming: Sandblast (safe; 3% risk of failure)
Press: ? - help, Q - select action, (/) - cycle Shift-Dir - straight line, f - sleepcap
Aim: a sleepcap (dormant, 100% to hit)
The blast of sand hits the sleepcap but does no damage.
The centaur shouts!
Eshargamelat hits the sleepcap.
The centaur wields a +0 shortbow.
The centaur shoots an arrow.
The arrow hits you!
The sleepcap releases spores at Eshargamelat.
The centaur shoots an arrow.
The arrow hits you.
Eshargamelat hits the sleepcap but does no damage.
The centaur shoots an arrow.
The arrow hits you!
Eshargamelat hits the sleepcap but does no damage.
The centaur shoots an arrow.
The arrow hits you. The sleepcap releases spores at you.
* * * LOW HITPOINT WARNING * * *
You are engulfed in a cloud of soporific spores!
You fall asleep.
The centaur shoots an arrow.
The arrow hits you!
You die...

# ##### .#
#..<##.#
#...R..#
####...f###
#.....@...#
..........?..+
##....../..###
####....###
#..c## #...#
##.## #.


You could see the friendly Eshargamelat the ancestor, a sleepcap (ally target)
and a centaur.

Vanquished Creatures
  A vampire bat (D:4)
  2 hounds (D:4)
  2 iguanas (D:4)
  A sleepcap (D:4)
  4 adders
  2 ribbon worms
  2 dart slugs
  7 orcs
  5 bat zombies (D:4)
  4 endoplasms
  4 giant cockroaches
  3 goblins
  3 hobgoblins
  10 jackals
  5 quokkas
  4 ball pythons
  5 bats
  2 frilled lizards
  6 kobolds
  6 rats
78 creatures vanquished.

Vanquished Creatures (collateral kills)
  A kobold (D:4)
1 creature vanquished.

Grand Total: 79 creatures vanquished

Notes
Turn   | Place    | Note
-------+----------+-------------------------------------------
     0 | D:1      | voltaire321 the Octopode Earth Elementalist began the quest
                  | for the Orb.
     0 | D:1      | Reached XP level 1. HP: 11/11 MP: 3/3
   182 | D:1      | Found a faded altar of an unknown god.
   226 | D:1      | Reached XP level 2. HP: 18/18 MP: 0/5
   677 | D:1      | Reached skill level 3 in Stealth
  1133 | D:2      | Reached XP level 3. HP: 22/22 MP: 4/6
  1157 | D:2      | Reached skill level 1 in Fighting
  1758 | D:2      | Reached XP level 4. HP: 28/28 MP: 3/7
  2453 | D:3      | Learned a level 3 spell: Passwall
  2459 | D:3      | Learned a level 3 spell: Stone Arrow
  2481 | D:3      | Found a hazy altar of Hepliaklqana.
  2496 | D:3      | Found a sparkling altar of Nemelex Xobeh.
  2514 | D:3      | Became a worshipper of Hepliaklqana the Forgotten
  2998 | D:4      | Reached XP level 5. HP: 18/33 MP: 5/8
  3268 | D:4      | Reached skill level 4 in Stealth
  3423 | D:4      | Found a staircase to the Ecumenical Temple.
  3430 | D:4      | Found a glowing silver altar of Zin.
  3447 | D:4      | Reached skill level 1 in Invocations
  3459 | D:4      | Reached XP level 6. HP: 5/39 MP: 5/10
  3828 | D:4      | Found an ancient bone altar of Kikubaaqudgha.
  3978 | D:4      | Found a transporter.
  3978 | D:4      | Found Elogec's Antique Armour Emporium.
  3980 | D:4      | Found a transporter.
  4016 | D:4      | Reached * piety under Hepliaklqana
  4141 | D:5      | Entered Level 5 of the Dungeon
  4146 | D:5      | Shot with an arrow by a centaur

Illustrated notes

Levels and vault maps discovered:
D:1:      dpeg_arrival_houses_and_road, layout_loops_ring,
          hellmonk_ecumenical_altar_lost_god, ebering_dispersal_statue_hall,
          patterned_corridor
D:2:      layout_loops_ring
D:3:      cheibrodos_helix_gallery, layout_basic, mainiacjoe_overflow_boulevard,
          nemelex_xobeh_ov_fountains_minmay
D:4:      minmay_evil_eye, layout_gridville, kennysheep_vampire_church,
          mainiacjoe_overflow_tiny_flanked, minmay_temple_entry_mist,
          serial_shops, nicolae_shop_drivethru
D:5:      layout_loops_corners, uniq_duvessa

Skill      XL: |  1  2  3  4  5  6 |
---------------+-------------------+-----
Stealth        | 3 4 |  4.3
Fighting       | 1 2 |  2.2
Conjurations   | 2 |  2.3
Invocations    | 1 |  1.5
Dodging        | 3 |  3.1
Spellcasting   | |  2.9
Earth Magic    | |  3.9

Action                     |  1- 3 |  4- 6 || total
---------------------------+-------+-------++-------
  Melee: Unarmed           |     1 |       ||     1
         Whip              |    12 |       ||    12
         Constrict         |     4 |    11 ||    15
         Tentacles         |     4 |     7 ||    11
         Battleaxe         |       |    34 ||    34
   Cast: Sandblast         |    42 |    56 ||    98
   Stab: Sleeping          |       |     2 ||     2
 Armour: Skin              |    10 |    40 ||    50
  Dodge: Dodged            |    11 |    45 ||    56
  Block: Other             |       |    11 ||    11
         Reflection        |       |     1 ||     1

Table legend: (Time is in decaauts)
 A = Elapsed time spent in this place.
 B = Non-inter-level travel time spent in this place.
 C = Inter-level travel time spent in this place.
 D = Time resting spent in this place.
 E = Time spent auto-exploring this place.
 F = Levels seen in this place.
 G = Mean time per level.
                   A        B        C        D        E       F      G
               +--------+--------+--------+--------+--------+-----+--------+
         Total |   4218 |   4117 |    101 |   1052 |   2426 |   5 |  843.6 |
       Dungeon |   4218 |   4117 |    101 |   1052 |   2426 |   5 |  843.6 |
               +--------+--------+--------+--------+--------+-----+--------+

Top non-repeatable levels by time:
     D:4: 1189 daAuts
     D:2: 1133 daAuts
     D:1: 1021 daAuts
     D:3: 868 daAuts
     D:5: 5 daAuts
